 Dungeon Crawl Stone Soup version 0.31-b1-22-gc680215f68 (webtiles) character file.

Game seed: 13136473262556876377

3 MollyMolluskus the Shield-Bearer (level 1, -3/16 HPs)
             Began as an Octopode Fighter on Jan 18, 2024.
             Slain by a hobgoblin (5 damage)
             ... on level 1 of the Dungeon.
             The game lasted 00:00:57 (182 turns).

MollyMolluskus the Shield-Bearer (Octopode Fighter)  Turns: 182, Time: 00:00:58

Health: -3/16      AC:  1    Str: 15    XL:     1   Next: 50%
Magic:  1/1        EV: 13    Int: 10    God:
Gold:   9          SH:  4    Dex: 11    Spells: 0/0 levels left

rFire   . .          .
                       - Unarmed
rCold   . . .        a - +0 buckler
rNeg    . . .        (helmet restricted)
rPois   .            (no amulet)
rElec   .            (no ring)
rCorr   .            (no ring)
SInv    .            (no ring)
Will    .....        (no ring)
Stlth   ++           (no ring)
HPRegen 0.22/turn    (no ring)
MPRegen 0.07/turn    (no ring)
                     (no ring)

%: no passive effects
@: no status effects
A: almost no armour, amphibious, 8 rings, camouflage 1, gelatinous body 1,
(nimble swimmer 1), tentacles
a: no special abilities


You were on level 1 of the Dungeon.
You visited 1 branch of the dungeon, and saw 1 of its levels.

You collected 9 gold pieces.

Inventory:

Armour
 a - a +0 buckler (worn)
Jewellery
 f - a ring of fire
Scrolls
 d - a scroll of blinking {unknown}
Potions
 b - a potion of might
 c - a potion of cancellation {unknown}
 e - a potion of heal wounds {unknown}


   Skills:
 + Level 3.0 Fighting
 + Level 3.0 Dodging
 + Level 0.2 Stealth
 + Level 3.0 Shields
 * Level 2.1 Unarmed Combat


You couldn't memorise any spells.
You didn't know any spells.
Your spell library contained the following spells:

 Spells                   Type           Power      Damage    Failure   Level
 Magic Dart               Conj           0%         1d3       45%         1
 Blink                    Tloc           0%         N/A       58%         2
 Call Imp                 Summ           0%         N/A       58%         2


Dungeon Overview and Level Annotations

Branches:
Dungeon (1/15)

Altars:


Innate Abilities, Weirdness & Mutations

You cannot wear most types of armour.
You are amphibious.
You can wear up to eight rings at the same time.
Your skin changes colour to match your surroundings (Stealth+).
Your rubbery body absorbs attacks. (AC +1, EV +1)
((You are camouflaged when in or above water. (Stealth+)))
You have tentacles for arms and can constrict up to eight enemies at once.


Message History

You see here a ball python corpse.
Found a mace.
f - a ring of fire A hobgoblin comes into view.
A bat comes into view.
You tentacle-slap the bat.
You kill the bat!
A kobold comes into view. It is wielding a +0 dagger.
Found a scroll labelled NYG YMPEGAMUOCS.
You see here a bat corpse.
A ball python comes into view.
The hobgoblin shouts!
The kobold throws a stone.
You block the stone.
The kobold throws a stone.
The stone closely misses you. The kobold closely misses you.
The ball python barely misses you. x2
You see here a scroll labelled NYG YMPEGAMUOCS.
You tentacle-slap the kobold. Your grab misses the kobold.
The kobold is severely wounded.
The kobold barely misses you. The ball python bites you.
The ball python barely misses you.
You tentacle-slap the kobold but do no damage.
Your grab misses the kobold.
The kobold is severely wounded.
The kobold completely misses you. The hobgoblin closely misses you.
The ball python misses you. The ball python barely misses you.
You completely miss the ball python. Your grab misses the ball python.
The kobold hits you with a +0 dagger. The hobgoblin hits you.
The ball python bites you. The ball python grabs you.
The ball python constricts you.
You tentacle-slap the ball python.
You kill the ball python!
The hobgoblin hits you. The kobold hits you with a +0 dagger.
* * * LOW HITPOINT WARNING * * *
The kobold barely misses you. The hobgoblin hits you.
* * * LOW HITPOINT WARNING * * *
Unknown command.
You tentacle-slap the kobold.
You kill the kobold!
The hobgoblin hits you.
You die...

#########... ......#
#........... . ......#
#........... .. .....#
#........... ... ....#
###.#....... .... #..#
####.........
#....##...##......#.....
......).#...)##.###.....
#.#@##.####.# ###...
#..g.†.# ### ####
......##.### ......#..#
#.....g.## ##.....#
######


You could see a hobgoblin.

Vanquished Creatures
  An endoplasm (D:1)
  A kobold (D:1)
  2 ball pythons (D:1)
  A bat (D:1)
5 creatures vanquished.

Notes
Turn   | Place    | Note
-------+----------+-------------------------------------------
     0 | D:1      | MollyMolluskus the Octopode Fighter began the quest for the
                  | Orb.
     0 | D:1      | Reached XP level 1. HP: 16/16 MP: 1/1
   105 | D:1      | Found a faded altar of an unknown god.
   182 | D:1      | Slain by a hobgoblin

Illustrated notes

Levels and vault maps discovered:
D:1:      tarquinn_simple_flora_water_b, layout_rooms,
          chequers_ecumenical_altar_grove, minmay_tromino_v4_c

Action                     || total
---------------------------++-------
  Melee: Unarmed           ||    10
         Constrict         ||     1
         Tentacles         ||     1
   Stab: Sleeping          ||     1
 Armour: Skin              ||     8
  Dodge: Dodged            ||    14
  Block: Buckler           ||     1
